 Dungeon Crawl Stone Soup version 0.26.1-11-gd32895ea62 (webtiles) character file.

Game seed: 13573256469172643565

305 buriedalive the Chiller (level 6, -8/32 HPs)
             Began as a Deep Elf Ice Elementalist on June 25, 2021.
             Mangled by Menkaure (14 damage)
             ... on level 4 of the Dungeon.
             The game lasted 00:06:57 (3823 turns).

buriedalive the Chiller (Deep Elf Ice Elementalist) Turns: 3823, Time: 00:06:58

Health: -8/32      AC: 11    Str:  5    XL:     6   Next: 15%
Magic:  16/21      EV: 19    Int: 22    God:
Gold:   176        SH:  0    Dex: 15    Spells: 4/11 levels left

rFire    . . .     SeeInvis .   h - +2 dagger (holy)
rCold    + . .     Faith    .   (no shield)
rNeg     . . .     Spirit   .   t - +0 robe {rC+}
rPois    .         Reflect  .   x - +1 helmet
rElec    .         Harm     .   (no cloak)
rCorr    .         Rampage  .   (no gloves)
Will     .....                  (no boots)
Stlth    ++........             (no amulet)
HPRegen  0.10/turn              f - ring of magical power
MPRegen  0.17/turn              q - +4 ring of evasion

@: icy armour, frozen ramparts
A: no striking features
a: no special abilities


You were on level 4 of the Dungeon.
You visited 1 branch of the dungeon, and saw 4 of its levels.

You collected 176 gold pieces.

Inventory:

Hand Weapons
 e - a +0 short sword
 g - a +0 dagger
 h - a +2 dagger of holy wrath (weapon)
 o - a +0 dagger of speed
Missiles
 c - 119 stones
Armour
 a - a +0 robe
 t - a +0 robe of cold resistance (worn)
 x - a +1 helmet (worn)
Jewellery
 f - a ring of magical power (left hand)
 q - a +4 ring of evasion (right hand)
Scrolls
 b - 2 scrolls of magic mapping
 d - 3 scrolls of teleportation
 j - a scroll of fog {unknown}
 k - 5 scrolls of identify {unknown}
 m - 2 scrolls of amnesia {unknown}
 n - 2 scrolls of noise {unknown}
 r - a scroll of fear {unknown}
 u - a scroll of remove curse
 y - a scroll of blinking {unknown}
Potions
 i - 2 potions of heal wounds {unknown}
 l - a potion of flight {unknown}
 p - 2 potions of curing {unknown}
 s - 2 potions of brilliance {unknown}
 v - a potion of lignification {unknown}
 w - a potion of haste {unknown}


   Skills:
 + Level 5.8 Dodging
 - Level 2.4 Stealth
 - Level 3.0 Spellcasting
 + Level 6.5 Ice Magic


You had 4 spell levels left.
You knew the following spells:

 Your Spells              Type           Power        Failure   Level
a - Freeze                Ice            100%         1%          1
b - Frozen Ramparts       Ice            64%          2%          3
c - Ozocubu's Armour      Ice            32%          2%          3

Your spell library contained the following spells:

 Spells                   Type           Power        Failure   Level
 Beastly Appendage        Tmut           6%           12%         1
 Wereblood                Tmut           3%           19%         2
 Hailstorm                Conj/Ice       17%          32%         4
 Ice Form                 Ice/Tmut       17%          32%         4
 Summon Ice Beast         Ice/Summ       17%          32%         4
 Spider Form              Tmut/Pois      1%           36%         3
 Blade Hands              Tmut           1%           98%         5


Dungeon Overview and Level Annotations

Branches:
Dungeon (4/15)
 Temple: D:4-7

Altars:
Ru

Annotations:
D:3 3 runed translucent doors, Pepete's ghost, amateur GrMo
D:4 Menkaure


Message History

Confirm with . or Enter, or press ? or * to list all spells.
A film of ice covers your body!
Menkaure completely resists.
The wall freezes Menkaure but does no damage.
You hit Menkaure.
Menkaure convulses.
Menkaure is moderately damaged.
Menkaure resists.
The wall freezes Menkaure.
Menkaure calls on the powers of darkness!
Your body is wracked with pain!
You hit Menkaure but do no damage.
Menkaure is moderately damaged.
Menkaure resists.
The wall freezes Menkaure.
Menkaure calls on the powers of darkness!
Your body is wracked with pain!
* * * LOW HITPOINT WARNING * * *
Okay, then.
You barely miss Menkaure.
Menkaure is heavily damaged.
Menkaure resists.
The wall freezes Menkaure.
Menkaure hits you!
You die...

######## #..)....
......# ###.##....
#...<# #...##.#.. #...#
##...##.###
##M####<....#..#. # #.#
#.......#.#.
#..#####.###.......#...
#.....#.##........###.
#@M.##.#..........
##..##........###.
#..............<.
##...........####
#.####......# #......>#
#.# #....## #.......#
..# ######.#####
#....... ...>
#........... #......
##..# #.####)####.


You could see Menkaure.

Vanquished Creatures
  2 orc priests (D:3)
  3 orc wizards (D:4)
  A worker ant (D:4)
  2 adders
  An ooze (D:2)
  2 worms
  3 dart slugs
  5 leopard geckos
  12 orcs
  2 giant cockroaches (D:1)
  6 goblins
  6 hobgoblins
  9 jackals (D:1)
  11 kobolds
  3 quokkas
  A ball python (D:2)
  5 bats
  8 frilled lizards
  8 rats
90 creatures vanquished.

Vanquished Creatures (others)
  2 fungi (D:3)
  2 plants (D:3)
4 creatures vanquished.

Grand Total: 94 creatures vanquished

Notes
Turn   | Place    | Note
-------+----------+-------------------------------------------
     0 | D:1      | buriedalive the Deep Elf Ice Elementalist began the quest
                  | for the Orb.
     0 | D:1      | Reached XP level 1. HP: 10/10 MP: 6/6
   128 | D:1      | Reached XP level 2. HP: 15/15 MP: 5/8
   690 | D:1      | Reached XP level 3. HP: 15/19 MP: 9/9
   694 | D:1      | Reached skill level 5 in Ice Magic
  1812 | D:2      | Learned a level 3 spell: Frozen Ramparts
  1816 | D:2      | Learned a level 3 spell: Ozocubu's Armour
  1837 | D:2      | Reached XP level 4. HP: 21/24 MP: 10/10
  2398 | D:3      | You fall into a shaft and drop 1 floor!
  2468 | D:4      | Found a sacrificial altar of Ru.
  2541 | D:4      | Reached XP level 5. HP: 17/28 MP: 11/11
  2543 | D:4      | Reached skill level 5 in Dodging
  2543 | D:4      | Reached skill level 6 in Ice Magic
  3447 | D:3      | Found a runed translucent gate.
  3448 | D:3      | Found a runed translucent gate.
  3449 | D:3      | Found a runed translucent gate.
  3450 | D:3      | Identified the cursed +0 whip "Boqouxul" {chaos, *Corrode
                  | +Blink rElec Stlth+}
  3451 | D:3      | Noticed Pepete's ghost (amateur GrMo)
  3512 | D:3      | Reached XP level 6. HP: 32/32 MP: 12/12
  3808 | D:4      | Noticed Menkaure
  3823 | D:4      | Mangled by Menkaure

Illustrated notes

Levels and vault maps discovered:
D:1:      mrwooster_arrival_arrow, layout_rooms, serial_co_window_serial,
          co_window_corner_a, co_window_corner_a, co_window_of_opportunity_a,
          co_window_corner_a, co_window_cross_1, co_window_unsneaky_path_e,
          co_window_cross_3, co_window_of_opportunity_b, co_window_paths_c,
          co_window_4corner_a, glass_columns_b, glass_columns_a, glass_columns_a
D:2:      layout_loops_ring
D:3:      layout_basic, gammafunk_ghost_nasty_kobolds
D:4:      layout_rooms, nicolae_ru_sacrificial_ziggurat, uniq_menkaure

Skill      XL: |  1  2  3  4  5 |
---------------+----------------+-----
Dodging        | 3 4 5 |  5.8
Ice Magic      | 5 6 |  6.5
Stealth        | |  2.4
Spellcasting   | |  3.0

Action                   |  1- 3 |  4- 6 || total
-------------------------+-------+-------++-------
Melee: Dagger            |    37 |    62 ||    99
       Unarmed           |     2 |       ||     2
 Cast: Freeze            |    48 |    15 ||    63
       Frozen Ramparts   |       |     9 ||     9
       Ozocubu's Armour  |       |     2 ||     2
  Use: Scroll            |       |     3 ||     3
 Stab: Sleeping          |     7 |     6 ||    13
       Distracted        |     1 |       ||     1
Armor: Robe              |    11 |     7 ||    18
Dodge: Dodged            |    36 |    66 ||   102
